 Dungeon Crawl Stone Soup version 0.24-a0-537-g2d01d4ab0a (webtiles) character file.

Game seed: 2275049928861898341

1094 Peloso the Slasher (level 8, -2/68 HPs)
             Began as a Minotaur Fighter on Aug 14, 2019.
             Killed by nerve-wracking pain
             ... invoked by Menkaure
              (14 damage)
             ... on level 4 of the Dungeon.
             The game lasted 00:09:48 (3891 turns).

Peloso the Slasher (Minotaur Fighter)               Turns: 3891, Time: 00:09:48

Health: -2/68      AC: 11    Str: 22    XL:     8   Next: 10%
Magic:  7/7        EV:  9    Int:  5    God:
Gold:   214        SH: 10    Dex: 11    Spells: 7/7 levels left

rFire    . . .     SeeInvis .   a - +0 long sword
rCold    . . .     Gourm    .   c - +0 shield
rNeg     . . .     Faith    .   b - +0 scale mail
rPois    .         Spirit   .   (helmet restricted)
rElec    .         Reflect  .   p - +0 cloak
rCorr    .         Harm     .   n - +1 pair of gloves
MR       .....                  (no boots)
Stlth    +.........             (no amulet)
HPRegen  0.21/turn              i - ring of stealth
MPRegen  0.10/turn              (no ring)

@: no status effects
A: retaliatory headbutt, horns 2
a: no special abilities


You were on level 4 of the Dungeon.
You were hungry.

You visited 1 branch of the dungeon, and saw 5 of its levels.

You collected 214 gold pieces.

Inventory:

Hand Weapons
 a - a +0 long sword (weapon)
Armour
 b - a +0 scale mail (worn)
 c - a +0 shield (worn)
 n - a +1 pair of gloves (worn)
 p - a +0 cloak (worn)
Jewellery
 i - a ring of stealth (left hand)
Wands
 q - a wand of polymorph (7)
Scrolls
 e - 2 scrolls of remove curse
 g - 2 scrolls of teleportation
 k - a scroll of fear {unknown}
 o - 2 scrolls of magic mapping {unknown}
 r - a scroll of identify
Potions
 d - a potion of heal wounds {unknown}
 h - a potion of cancellation
 j - a potion of agility
 l - 4 potions of brilliance
 m - a potion of ambrosia {unknown}
 s - a potion of haste {unknown}
 t - a potion of flight {unknown}
 u - a potion of mutation {unknown}
Comestibles
 f - 10 rations


   Skills:
 + Level 5.2 Fighting
 + Level 7.0 Long Blades
 + Level 6.0 Armour
 + Level 3.2 Dodging
 + Level 0.1 Stealth
 + Level 6.7 Shields


You had 7 spell levels left.
You didn't know any spells.
Your spell library was empty.

Dungeon Overview and Level Annotations

Branches:
Dungeon (5/15)
 Temple: D:4-7

Altars:
Cheibriados
Elyvilon
Gozag
Sif Muna
Uskayaw
Xom

Shops:
D:5 (

Annotations:
D:4 Menkaure


Innate Abilities, Weirdness & Mutations

You reflexively headbutt those who attack you in melee.
You have a pair of horns on your head.


Message History

Menkaure calls on the powers of darkness!
Your body is wracked with pain!
Menkaure is nearby!
Menkaure calls on the powers of darkness!
Your body is wracked with pain!
* * * LOW HITPOINT WARNING * * *
Menkaure calls on the powers of darkness!
Your body is wracked with pain!
* * * LOW HITPOINT WARNING * * *
You hit Menkaure but do no damage. You block Menkaure's attack.
An iguana comes into view.
The iguana hisses angrily.
You hit Menkaure but do no damage. Menkaure casts a spell at you.
You struggle to resist.
You barely miss Menkaure.
A giant cockroach comes into view.
Menkaure gestures at you while chanting.
Pain shoots through your body!
You die...

.................
.s...................
....................
#....#########'##...
#.l..#..........#...
#....#..........#...
#....#...###...##...
#..M.#...###<..#(...
#..@.#.........'....
#....#.........#....
#....###########....
#...................
#...................
#...................
......................
..............######'##
..............#....#...


You could see Menkaure, an iguana and a giant cockroach (wandering).

Vanquished Creatures
  Sigmund (D:5)
  2 ice beasts
  2 ogres
  Blork the orc (D:4)
  2 howler monkeys
  2 bullfrog zombies (D:5)
  2 bullfrog skeletons
  An orc priest (D:3)
  2 hounds (D:5)
  A jelly (D:5)
  An orc wizard (D:5)
  2 worker ants
  2 adders
  A shadow imp (D:5)
  3 worms
  2 dart slugs
  16 orcs
  2 ball pythons
  8 bats
  2 giant cockroaches
  6 goblins
  4 hobgoblins
  10 jackals
  A quokka (D:3)
  4 frilled lizards
  7 kobolds
  A leopard gecko skeleton (D:4)
  A quokka skeleton (D:4)
  8 rats
97 creatures vanquished.

Notes
Turn   | Place    | Note
-------+----------+-------------------------------------------
     0 | D:1      | Peloso the Minotaur Fighter began the quest for the Orb.
     0 | D:1      | Reached XP level 1. HP: 19/19 MP: 0/0
   199 | D:1      | Reached XP level 2. HP: 23/27 MP: 1/1
   964 | D:2      | Reached XP level 3. HP: 15/33 MP: 2/2
  1262 | D:2      | Found an ornate altar of the Wu Jian Council.
  1429 | D:2      | Reached skill level 3 in Long Blades
  1609 | D:2      | Found a white marble altar of Elyvilon.
  1609 | D:2      | Found a snail-covered altar of Cheibriados.
  1671 | D:2      | Found a shimmering altar of Xom.
  1671 | D:2      | Found a shimmering altar of Xom.
  1671 | D:2      | Found an opulent altar of Gozag.
  1942 | D:3      | Noticed an ice beast
  1955 | D:3      | Killed an ice beast
  1955 | D:3      | Reached XP level 4. HP: 29/41 MP: 3/3
  1955 | D:3      | Reached XP level 5. HP: 33/47 MP: 4/4
  2282 | D:3      | Reached skill level 5 in Shields
  2544 | D:4      | Noticed an ogre
  2555 | D:4      | Killed an ogre
  2555 | D:4      | Reached skill level 4 in Long Blades
  2555 | D:4      | Reached XP level 6. HP: 16/53 MP: 5/5
  2840 | D:4      | Noticed Blork the orc
  2847 | D:4      | Killed Blork the orc
  2847 | D:4      | Reached skill level 5 in Armour
  2860 | D:4      | Found a shimmering blue altar of Sif Muna.
  2922 | D:4      | Reached skill level 5 in Long Blades
  2923 | D:4      | You fall into a shaft and drop 1 floor!
  2923 | D:5      | Entered Level 5 of the Dungeon
  2952 | D:5      | Reached XP level 7. HP: 57/60 MP: 6/6
  3111 | D:5      | Reached skill level 6 in Long Blades
  3222 | D:5      | Reached skill level 5 in Fighting
  3440 | D:5      | Found Paunusoe's Antique Weapon Boutique.
  3440 | D:5      | Noticed Sigmund
  3450 | D:5      | Killed Sigmund
  3450 | D:5      | Reached skill level 7 in Long Blades
  3450 | D:5      | Reached XP level 8. HP: 62/68 MP: 7/7
  3477 | D:5      | Found a hide-covered altar of Uskayaw.
  3883 | D:4      | Noticed Menkaure
  3891 | D:4      | Killed from afar by Menkaure

Levels and vault maps discovered:
D:1:      psy_arrival_terrarium, layout_loops_corners, minmay_liquid_box,
          hangedman_feature_mirror
D:2:      layout_basic, first_ration, grunt_decor_arrowhead, doesnt_xom_only_xom
D:3:      layout_rooms
D:4:      layout_gridville, led_sif_book, uniq_menkaure, uniq_blork_the_orc
D:5:      layout_cave_pools, lemuel_doored_altar, serial_shops, shop,
          fountainhead, uniq_sigmund

Skill      XL: |  1  2  3  4  5  6  7  8 |
---------------+-------------------------+-----
Fighting       | 4 5 |  5.2
Armour         | 4 5 6 |  6.0
Shields        | 4 5 6 |  6.7
Long Blades    | 3 4 5 7 |  7.0
Dodging        | 2 3 |  3.2
Stealth        | |  0.1

Action                   |  1- 3 |  4- 6 |  7- 9 || total
-------------------------+-------+-------+-------++-------
Melee: Long sword        |   107 |    63 |    85 ||   255
       Headbutt          |    13 |    20 |    18 ||    51
  Use: Scroll            |     5 |       |     4 ||     9
       Potion            |       |     1 |       ||     1
  Eat: Chunk             |     3 |     3 |     3 ||     9
Armor: Scale mail        |    68 |    32 |    26 ||   126
Dodge: Dodged            |    40 |    16 |    28 ||    84
Block: Shield            |    74 |    36 |    42 ||   152
       Rpst.: Long sword |    10 |     3 |     8 ||    21

Table legend:
 A = Non-vault XP
 B = Vault XP
 C = Vault XP percentage of total XP
 D = Non-vault monster count
 E = Vault monster count
 F = Vault count percentage of total count
                 A         B        C        D         E       F
            +---------+---------+-------+---------+---------+-------
      Total |    1242 |     322 |  20.6 |      93 |       4 |   4.1
            +---------+---------+-------+---------+---------+-------
        D:1 |      23 |       3 |  11.5 |      12 |       2 |  14.3
        D:2 |      53 |       0 |   0.0 |      24 |       0 |   0.0
        D:3 |     228 |       0 |   0.0 |      20 |       0 |   0.0
        D:4 |     271 |      96 |  26.2 |      14 |       1 |   6.7
        D:5 |     667 |     223 |  25.1 |      23 |       1 |   4.2
            +---------+---------+-------+---------+---------+-------
